cohdb
Replays
Latest Replays
All Replays
Popular Replays
Top Player Replays
Match Explorer
How It Works
Community
CoH3 Stats
Reddit
Sign in to upload your games and track your stats! →
Sign in with Steam
Match 43097339
Unlisted
Match 43097339
Overview
Messages
Build Orders
End
Construct Barracks
1⁄4-ton 4x4 Truck
Selects Armored Battlegroup
Selects Veteran Crews
1⁄4-ton 4x4 Truck
1⁄4-ton 4x4 Truck
1⁄4-ton 4x4 Truck
Engineer Squad
Air Support Center
Riflemen Squad
P-47 Strafing Run
Riflemen Squad
Selects Strength in Steel
Riflemen Squad
Grasshopper Recon Run
Construct Tank Depot
Grasshopper Recon Run
Selects Seek and Destroy
Selects UNKNOWN (2160077)
M4A3E8 Sherman Easy Eight
P-47 Strafing Run
Grasshopper Recon Run
Riflemen Squad
M4A3E8 Sherman Easy Eight
Riflemen Squad
Grasshopper Recon Run
P-47 Dive Bomb
Double Sortie
P-47 Strafing Run
P-47 Dive Bomb
Grasshopper Recon Run
P-47 Dive Bomb
gxxg TR
Aloof_Cardinal
gUi
DarxSokul
JORE
Hegee
Doggy
Chinnegro
0
0
Comments
sign in to comment!
No comments posted yet!